 Dungeon Crawl Stone Soup version 0.31-a0-233-g139696dc86 (webtiles) character file.

Game seed: 15773323969320355467

79 qw the Shooter (level 4, -1/36 HPs)
             Began as a Minotaur Hexslinger on July 8, 2023.
             Slain by an orc priest
             ... wielding a +0 mace
              (3 damage)
             ... on level 3 of the Dungeon.
             The game lasted 00:00:47 (1747 turns).

qw the Shooter (Minotaur Hexslinger)                Turns: 1747, Time: 00:00:47

Health: -1/36      AC:  5    Str: 11 (12) XL:     4   Next: 17%
Magic:  0/4        EV: 11    Int:  8 (10) God:
Gold:   162        SH:  0    Dex: 11 (13) Spells: 4/5 levels left

rFire   . . .        Y - +1 sling
rCold   + . .        (no shield)
rNeg    . . .        e - +0 ring mail
rPois   .            (helmet restricted)
rElec   .            (no cloak)
rCorr   .            (no gloves)
SInv    .            (no boots)
Will    .....        h - amulet of guardian spirit
Stlth   +            (no ring)
HPRegen 0.26/turn    (no ring)
MPRegen 0.09/turn

%: guardian spirit
@: no status effects
A: horns 2, retaliatory headbutt, clumsy 1, cold resistance 1, sturdy frame 1
a: no special abilities


You were on level 3 of the Dungeon.
You visited 1 branch of the dungeon, and saw 3 of its levels.

You collected 162 gold pieces.


Innate Abilities, Weirdness & Mutations

You have a pair of horns on your head.
You reflexively headbutt those who attack you in melee.
You are clumsy. (Dex -2)
Your flesh is cold resistant. (rC+)
Your movements are slightly less encumbered by armour. (ER -2)


   Skills:
 - Level 2.0 Fighting
 + Level 4.5 Ranged Weapons
 - Level 1.0 Armour
 - Level 2.1 Dodging
 - Level 1.0 Spellcasting
 - Level 2.0 Hexes


You had 4 spell levels left.
You knew the following spells:

 Your Spells              Type           Power      Damage    Failure   Level
a - Slow                  Hex            12%        N/A       26%         1

Your spell library contained the following spells:

 Spells                   Type           Power      Damage    Failure   Level
 Inner Flame              Hex/Fire       2%         N/A       77%         3
 Portal Projectile        Hex/Tloc       4%         N/A       77%         3
 Cause Fear               Hex            1%         N/A       95%         4

Inventory:

Hand Weapons
 Y - a +1 sling (weapon)
Armour
 e - a +0 ring mail (worn)
Jewellery
 h - an amulet of guardian spirit (around neck)
Potions
 a - a potion of attraction {unknown}
 f - a potion of curing {unknown}
 g - a potion of mutation
 i - a potion of haste {unknown}
 j - a potion of lignification {unknown}

Dungeon Overview and Level Annotations

Branches:
Dungeon (3/15)

Altars:

Shops:
D:1 (


Message History

You shoot a sling bullet. The sling bullet hits the rat.
The rat is heavily wounded.
You shoot a sling bullet. The sling bullet hits the rat.
You kill the rat!
You now have 162 gold pieces (gained 15).
An orc, an orc priest and an orc wizard come into view.
The orc is wielding a +1 dagger of venom.
The orc shouts!
The orc priest shouts!
The orc wizard shouts!
Enter note: You shoot a sling bullet.
The sling bullet hits the orc priest.
The orc priest is moderately wounded.
You shoot a sling bullet.
The sling bullet hits the orc priest but does no damage.
The orc priest is moderately wounded.
You shoot a sling bullet. The sling bullet hits the orc priest.
The orc priest is severely wounded.
The orc priest mumbles some strange prayers to Beogh against you.
Beogh smites you!
The orc wizard gestures at you while chanting.
You resist with some effort.
You shoot a sling bullet. The sling bullet hits the orc.
The orc is heavily wounded.
The orc wizard gestures at you while chanting.
The magic dart hits you.
The orc priest mumbles some strange prayers to Beogh against you.
Beogh smites you!
You shoot a sling bullet. The sling bullet hits the orc!
You kill the orc!
You shoot a sling bullet. The sling bullet hits the orc priest.
The orc priest is severely wounded.
The orc priest casts a cantrip, but nothing happens.
You shoot a sling bullet.
The sling bullet completely misses the orc wizard.
The orc wizard hits you with a +0 dagger. x2
The orc priest looks encouraged for a moment.
You shoot a sling bullet.
The sling bullet closely misses the orc priest.
The orc wizard hits you with a +0 dagger.
The orc priest hits you with a +0 mace.
You die...

## .# #.# . #.. ..###..
#...#%#### ..#.......#
.).$..o@..#
......o.>.###
...$........############
###........>............
#.......#.############
#.......#.# ##.######.#
#. #.# [ #[#


You could see an orc priest and an orc wizard.

Vanquished Creatures
  2 adders (D:2)
  2 dart slugs
  An orc (D:3)
  6 ball pythons
  2 endoplasms (D:2)
  2 giant cockroaches
  5 goblins
  11 hobgoblins
  A quokka (D:2)
  7 bats
  2 frilled lizards
  5 kobolds
  8 rats
54 creatures vanquished.

Notes
Turn   | Place    | Note
-------+----------+-------------------------------------------
     0 | D:1      | qw the Minotaur Hexslinger began the quest for the Orb.
     0 | D:1      | Reached XP level 1. HP: 16/16 MP: 1/1
     0 | D:1      | 0 ||| qw: Version: 0.3-a-46-gb1f654a
     0 | D:1      | 0 ||| qw: Game counter: 3371
     0 | D:1      | 0 ||| qw: Melee chars always use a shield: true
     0 | D:1      | 0 ||| qw: God list: Okawaru
     0 | D:1      | 0 ||| qw: Allow faded altars: false
     0 | D:1      | 0 ||| qw: Do Orc after clearing Dungeon:15 true
     0 | D:1      | 0 ||| qw: Do second Lair branch before Depths: true
     0 | D:1      | 0 ||| qw: Lair rune preference: random
     0 | D:1      | 0 ||| qw: Goals: Normal
     0 | D:1      | 0 ||| PLANNING D:1-11
   159 | D:1      | Reached skill level 3 in Ranged Weapons
   209 | D:1      | Noticed an eye of devastation
   212 | D:1      | Found a faded altar of an unknown god.
   214 | D:1      | Noticed a floating eye
   214 | D:1      | Noticed a floating eye
   214 | D:1      | Noticed a golden eye
   222 | D:1      | Reached XP level 2. HP: 23/23 MP: 2/2
   439 | D:1      | Found Liymag's Antique Weapon Shoppe.
   459 | D:1      | 459 ||| SHOPLISTING glowing sling (117 gold, have 93).
   536 | D:1      | 536 ||| UPGRADING to +0 ring mail.
   546 | D:1      | 546 ||| DROPPING +0 robe.
   547 | D:1      | 547 ||| UPGRADING to amulet of guardian spirit.
   552 | D:1      | 552 ||| READING scroll labelled NEXOVE FIMOOTS.
   553 | D:1      | 553 ||| READING scroll labelled UJEIRH EGEYXE.
   554 | D:1      | 554 ||| DRINKING 2 glowing purple potions.
   555 | D:1      | 555 ||| DROPPING scroll of poison.
   556 | D:1      | 556 ||| DROPPING potion of degeneration.
   684 | D:2      | Reached XP level 3. HP: 29/29 MP: 3/3
   814 | D:2      | Reached skill level 4 in Ranged Weapons
   823 | D:2      | Identified the +7 hand axe "Kijieci" {speed, Dex+5}
   914 | D:2      | Reached skill level 1 in Armour
  1407 | D:2      | Reached XP level 4. HP: 36/36 MP: 4/4
  1577 | D:2      | 1577 ||| DROPPING ring of flight.
  1578 | D:2      | 1578 ||| READING scroll labelled RIFUWN XARHUA.
  1579 | D:2      | 1579 ||| READING scroll labelled CEITIUM MURCH.
  1580 | D:2      | 1580 ||| READING scroll labelled MUTZIALELU.
  1581 | D:2      | 1581 ||| READING scroll labelled SYICEN GABIUD.
  1584 | D:2      | 1584 ||| READING scroll labelled VUSHIXOUSH.
  1585 | D:2      | 1585 ||| DRINKING 2 grey potions.
  1585 | D:2      | Gained mutation: Your movements are slightly less
                  | encumbered by armour. (ER -2) [potion of mutation]
  1585 | D:2      | Gained mutation: Your flesh is cold resistant. (rC+)
                  | [potion of mutation]
  1585 | D:2      | Gained mutation: You are clumsy. (Dex -2) [potion of
                  | mutation]
  1743 | D:3      | HP: 6/36 [orc priest/divine providence (14)]
  1747 | D:3      | HP: 2/36 [orc wizard/+0 dagger (3)]
  1747 | D:3      | Slain by an orc priest

Levels and vault maps discovered:
D:1:      dpeg_arrival_round_c, layout_basic,
          hellmonk_ecumenical_altar_watching_god, serial_shops,
          nicolae_shop_competitors_out_of_business
D:2:      layout_basic, minmay_quadrilaterals
D:3:      layout_loops_ring, ebering_ghost_sewer_d, uniq_robin

Skill      XL: |  1  2  3 |
---------------+----------+-----
Ranged Weapons | 3 4 |  4.5
Fighting       | 2 |  2.0
Armour         | 1 |  1.0
Dodging        | |  2.1
Spellcasting   | |  1.0
Hexes          | |  2.0

Action                     |  1- 3 |  4- 6 || total
---------------------------+-------+-------++-------
   Fire: Sling             |   145 |    36 ||   181
    Use: Scroll            |     2 |     5 ||     7
         Potion            |     1 |     1 ||     2
 Armour: Robe              |    12 |       ||    12
         Ring mail         |    18 |     1 ||    19
  Dodge: Dodged            |    49 |     4 ||    53

Table legend:
 A = Non-vault XP
 B = Vault XP
 C = Vault XP percentage of total XP
 D = Non-vault monster count
 E = Vault monster count
 F = Vault count percentage of total count
                 A         B        C        D         E       F
            +---------+---------+-------+---------+---------+-------
      Total |     104 |      10 |   8.8 |      49 |       5 |   9.3
            +---------+---------+-------+---------+---------+-------
        D:1 |      23 |       0 |   0.0 |      14 |       0 |   0.0
        D:2 |      68 |      10 |  12.8 |      27 |       5 |  15.6
        D:3 |      13 |       0 |   0.0 |       8 |       0 |   0.0
            +---------+---------+-------+---------+---------+-------
